 Dungeon Crawl Stone Soup version 0.30-a0-134-gb40fab5c76 (webtiles) character file.

Game seed: 11624418168663891463

437 juncz the Magician (level 7, -4/53 HPs)
             Began as a Djinni Ice Elementalist on Sept 19, 2022.
             Killed by nerve-wracking pain
             ... invoked by Grinder
              (14 damage)
             ... on level 4 of the Dungeon.
             The game lasted 00:13:48 (5836 turns).

juncz the Magician (Djinni Ice Elementalist)        Turns: 5836, Time: 00:13:49

Health: -4/53      AC:  4    Str:  7    XL:     7   Next: 21%
Gold:   260        EV: 12    Int: 18    God:
                   SH:  0    Dex: 14

rFire   + + .      SeeInvis .    f - +0 dagger
rCold   x . .      Faith    .    (no shield)
rNeg    . . .      Spirit   .    a - +0 robe
rPois   ∞          Reflect  .    h - +1 helmet
rElec   .          Harm     .    (no cloak)
rCorr   .          Rampage  .    (no gloves)
Will    .....                    (boots unavailable)
Stlth   ++........               (no amulet)
HPRegen 0.17/turn                (no ring)
MPRegen 0.00/turn                (no ring)

@: freezing walls, flying
A: sickness immunity, fire resistance 2, cold vulnerability 1, float, innate
caster, HP casting, extra vitality 1
a: no special abilities


You were on level 4 of the Dungeon.
You visited 1 branch of the dungeon, and saw 4 of its levels.
You also visited: Sewer.

You collected 260 gold pieces.

Inventory:

Hand Weapons
 f - a +0 dagger (weapon)
Armour
 a - a +0 robe (worn)
 h - a +1 helmet (worn)
Jewellery
 l - the amulet "Kasuan" {RegenMP Dex+5}
   (You found it on level 2 of the Dungeon)

   [amulet of magic regeneration]

   It increases your rate of magic regeneration.
   Dex:       It affects your dexterity (+5).
Scrolls
 b - a scroll of immolation
 i - 2 scrolls of poison
 j - a scroll of teleportation
 n - a scroll of fear {unknown}
 p - 3 scrolls of fog
Potions
 c - 3 potions of brilliance {unknown}
 d - 2 potions of invisibility {unknown}
 e - a potion of attraction {unknown}
 g - 3 potions of curing {unknown}
 k - a potion of heal wounds {unknown}
 o - a potion of degeneration {unknown}
 q - 3 potions of mutation {unknown}


   Skills:
 + Level 4.7 Fighting
 - Level 2.1 Dodging
 - Level 1.5 Stealth
 + Level 5.0 Spellcasting


You couldn't memorise any spells.
You knew the following spells:

 Your Spells              Type           Power      Damage    Failure   Level
a - Freeze                Ice            88%        1d10      1%          1
b - Frozen Ramparts       Ice            44%        1d7       4%          3
c - Ozocubu's Armour      Ice            22%        N/A       4%          3
d - Hailstorm             Conj/Ice       22%        3d7       17%         4
e - Summon Small Mammal   Summ           88%        N/A       1%          1
f - Blink                 Tloc           44%        N/A       2%          2
g - Vampiric Draining     Necr           22%        2d7       4%          3
Your spell library was empty.

Dungeon Overview and Level Annotations

Branches:
Dungeon (4/15)              Sewer (visited)
 Temple: D:4-7

Altars:

Shops:
D:2 (

Annotations:
D:4 Grinder


Innate Abilities, Weirdness & Mutations

You are immune to sickness and miasma.
You are immune to poison.
Your flesh is very heat resistant. (rF++)
You are vulnerable to cold. (rC-)
You float through the air rather than walking.
You learn spells naturally, not from books.
Your magical power is your life essence.
You have superior vitality. (+4 MHP)


Message History

Grinder is lightly wounded.
Grinder resists.
The wall freezes Grinder.
Grinder hits you but does no damage.
Casting: Freeze (safe; 1% risk of failure)
Confirm with . or Enter, or press ? or * to list all spells.
Aiming: Freeze (safe; 1% risk of failure)
Press: ? - help, Shift-Dir - straight line, f/p - Grinder
Aim: Grinder (moderately wounded)
You freeze Grinder.
Grinder resists.
Grinder is moderately wounded.
The frozen ramparts melt away.
Grinder hits you.
* * * LOW HITPOINT WARNING * * *
Casting: Freeze (safe; 1% risk of failure)
Confirm with . or Enter, or press ? or * to list all spells.
Casting: Frozen Ramparts (dangerous; 4% risk of failure)
Press: ? - help, Dir - look around, f - activate The walls around you are covered in ice.
* * * LOW HITPOINT WARNING * * *
The wall freezes Grinder but does no damage.
Grinder misses you.
Casting: Frozen Ramparts (dangerous; 4% risk of failure)
Confirm with . or Enter, or press ? or * to list all spells.
Aiming: Freeze (safe; 1% risk of failure)
Press: ? - help, Shift-Dir - straight line, f - Grinder
Aim: Grinder (moderately wounded)
You freeze Grinder.
Grinder resists.
Grinder is moderately wounded.
* * * LOW HITPOINT WARNING * * *
Grinder resists.
The wall freezes Grinder.
Grinder closely misses you.
Casting: Freeze (safe; 1% risk of failure)
Confirm with . or Enter, or press ? or * to list all spells.
Aiming: Freeze (safe; 1% risk of failure)
Press: ? - help, Shift-Dir - straight line, f/p - Grinder
Aim: Grinder (moderately wounded)
You freeze Grinder but do no damage.
Grinder completely resists.
* * * LOW HITPOINT WARNING * * *
Grinder completely resists.
The wall freezes Grinder but does no damage.
Grinder gestures at you. Pain shoots through your body!
You die...

#..# #..# ##### #..#
#..# ##.... #..# #..#
##..... #..#
####5.###......
#..#####......##......
##.....r...###.........
### ##.....######
###....... #.##
##.....5## #......!.
#..####.......@###
#........
#..##...#........##
#........
#.....##..........##
#.........
#.....##...........#
##........
#.).#.##...........#
#........
#..##.##...........#
#........
#..##..#...........#
#........
#..###.#...........#
#### #)#†.........##


You could see Grinder.

Vanquished Creatures
  A scorpion (D:4)
  Natasha (thrice) (D:2)
  Robin (D:3)
  3 gnolls (D:3)
  6 adders
  5 river rats
  3 worms
  2 dart slugs (D:3)
  4 endoplasms
  8 giant cockroaches
  14 goblins
  8 hobgoblins
  3 jackals (D:3)
  6 quokkas
  4 ball pythons
  4 bats
  5 frilled lizards
  6 kobolds
  17 rats
103 creatures vanquished.

Vanquished Creatures (collateral kills)
  A necrophage (D:4)
  A kobold (D:4)
2 creatures vanquished.

Grand Total: 105 creatures vanquished

Notes
Turn   | Place    | Note
-------+----------+-------------------------------------------
     0 | D:1      | juncz the Djinni Ice Elementalist began the quest for the
                  | Orb.
     0 | D:1      | juncz set off with the following spells memorised: Freeze,
                  | Frozen Ramparts, Ozocubu's Armour, Hailstorm.
     0 | D:1      | Reached XP level 1. HP: 15/15 MP: 0/0
   216 | D:1      | Reached XP level 2. HP: 21/22 MP: 0/0
   218 | D:1      | Reached skill level 1 in Fighting
   633 | D:1      | You are sucked into a shaft and drop 1 floor!
   904 | D:1      | Found a faded altar of an unknown god.
  1243 | D:1      | Reached XP level 3. HP: 26/27 MP: 0/0
  1243 | D:1      | Learned a level 1 spell: Summon Small Mammal
  1978 | D:2      | Noticed Natasha
  1988 | D:2      | Killed Natasha
  1989 | D:2      | Reached XP level 4. HP: 27/34 MP: 0/0
  2288 | D:2      | Found Bapidok's Weapon Boutique.
  2340 | D:2      | Identified the amulet "Kasuan" {RegenMP Dex+5}
  2468 | D:2      | Reached skill level 4 in Spellcasting
  2696 | D:2      | Noticed Natasha
  2700 | D:2      | Killed Natasha
  2701 | D:2      | Reached XP level 5. HP: 27/40 MP: 0/0
  2701 | D:2      | Learned a level 2 spell: Blink
  2747 | D:2      | Noticed Natasha
  2759 | D:2      | Killed Natasha
  3469 | D:3      | Found a glowing drain.
  3515 | Sewer    | Entered a sewer
  4020 | Sewer    | Reached XP level 6. HP: 31/46 MP: 0/0
  4645 | D:3      | Noticed Robin
  4662 | D:3      | Killed Robin
  5687 | D:4      | Reached XP level 7. HP: 48/53 MP: 0/0
  5687 | D:4      | Learned a level 3 spell: Vampiric Draining
  5789 | D:4      | Noticed Grinder
  5823 | D:4      | Reached skill level 5 in Spellcasting
  5836 | D:4      | Killed from afar by Grinder

Illustrated notes

Levels and vault maps discovered:
D:1:      amcnicky_arrival_blooded_trapdoor, layout_rooms,
          shapermc_ecumenical_altar_venn
D:2:      layout_loops_ring, serial_shops, shop, minmay_small_reverse_x,
          uniq_natasha
D:3:      layout_basic, gup_sewer_entry_spiral, minivault_4, uniq_robin
D:4:      layout_cave_pods, minmay_temple_entry_purple_smoke, uniq_grinder,
          uniq_crazy_yiuf_cottage

Skill      XL: |  1  2  3  4  5  6  7 |
---------------+----------------------+-----
Fighting       | 1 2 3 4 |  4.7
Spellcasting   | 4 5 |  5.0
Dodging        | |  2.1
Stealth        | |  1.5

Action                   |  1- 3 |  4- 6 |  7- 9 || total
-------------------------+-------+-------+-------++-------
Melee: Unarmed           |     1 |       |       ||     1
       Dagger            |       |     5 |     7 ||    12
 Cast: Freeze            |    36 |    61 |     9 ||   106
       Frozen Ramparts   |     4 |    40 |     2 ||    46
       Ozocubu's Armour  |     1 |     4 |       ||     5
       Summon Small Mamm |     1 |     1 |     2 ||     4
  Use: Scroll            |       |     7 |       ||     7
 Stab: Distracted        |       |       |     1 ||     1
Armor: Robe              |     3 |    12 |     2 ||    17
Dodge: Dodged            |    21 |    39 |     9 ||    69

Table legend: (Time is in decaauts)
 A = Elapsed time spent in this place.
 B = Non-inter-level travel time spent in this place.
 C = Inter-level travel time spent in this place.
 D = Time resting spent in this place.
 E = Time spent auto-exploring this place.
 F = Levels seen in this place.
 G = Mean time per level.
                   A        B        C        D        E       F      G
               +--------+--------+--------+--------+--------+-----+--------+
         Total |   5848 |   5730 |    118 |   1970 |   3045 |   5 | 1169.6 |
       Dungeon |   4910 |   4792 |    118 |   1764 |   2438 |   4 | 1227.5 |
         Sewer |    938 |    938 |      0 |    206 |    607 |   1 |  938.0 |
               +--------+--------+--------+--------+--------+-----+--------+

Top non-repeatable levels by time:
     D:1: 1778 daAuts
     D:2: 1494 daAuts
     D:3: 1445 daAuts
   Sewer: 938 daAuts
     D:4: 191 daAuts
